 Dungeon Crawl Stone Soup version 0.23.0 (webtiles) character file.

Game seed: 8107750353597576315

140 Kisielow the Magician (level 5, -1/28 HPs)
             Began as a Deep Elf Wizard on Feb 17, 2019.
             Killed from afar by an orc wizard (8 damage)
             ... with a magic dart
             ... on level 4 of the Dungeon.
             The game lasted 00:11:23 (3364 turns).

Kisielow the Magician (Deep Elf Wizard)             Turns: 3364, Time: 00:11:23

Health: -1/28      AC:  5    Str:  5    XL:     5   Next: 2%
Magic:  1/14       EV: 13    Int: 23    God:
Gold:   110        SH:  0    Dex: 13    Spells: 3/14 levels left

rFire    . . .     SeeInvis .   k - +3 dagger
rCold    . . .     Gourm    .   (no shield)
rNeg     . . .     Faith    .   a - +0 robe
rPois    .         Spirit   .   b - +0 hat
rElec    .         Reflect  .   q - +2 cloak
rCorr    .         Harm     .   (no gloves)
MR       .....                  (no boots)
Stlth    ++........             (no amulet)
HPRegen  0.09/turn              (no ring)
MPRegen  0.14/turn              (no ring)

@: no status effects
A: no striking features
a: no special abilities


You were on level 4 of the Dungeon.
You were hungry.

You visited 1 branch of the dungeon, and saw 4 of its levels.

You collected 110 gold pieces.

Inventory:

Hand Weapons
 k - a +3 dagger (weapon)
Armour
 a - a +0 robe (worn)
 b - a +0 hat (worn)
 q - a +2 cloak (worn)
Jewellery
 r - a cursed ring of teleportation {unknown}
Scrolls
 e - 5 scrolls of remove curse {unknown}
 g - 6 scrolls of identify {unknown}
 h - 3 scrolls of fog {unknown}
 i - 2 scrolls of enchant armour {unknown}
 m - 3 scrolls of teleportation {unknown}
 o - a scroll of blinking {unknown}
Potions
 c - a potion of flight {unknown}
 f - a potion of haste {unknown}
 j - 2 potions of brilliance {unknown}
 l - a potion of mutation {unknown}
 n - 3 potions of agility {unknown}
 p - a potion of degeneration {unknown}
Comestibles
 d - 11 rations


   Skills:
 - Level 2.4 Dodging
 - Level 2.4 Stealth
 - Level 5.0 Spellcasting
 - Level 4.0 Conjurations
 - Level 1.1 Summonings
 - Level 1.1 Translocations
 * Level 2.7 Fire Magic


You had 3 spell levels left.
You knew the following spells:

 Your Spells              Type           Power        Failure   Level  Hunger
a - Conjure Flame         Conj/Fire      ###.....     7%          3    ##.....
l - Call Imp              Summ           ##......     9%          2    None
p - Blink                 Tloc           N/A          9%          2    None
q - Magic Dart            Conj           ###.         1%          1    None
w - Mephitic Cloud        Conj/Pois/Air  ##......     16%         3    ##.....

Your spell library contained the following spells:

 Spells                   Type           Power        Failure   Level  Hunger
 Slow                     Hex            #.......     14%         2    None


Dungeon Overview and Level Annotations

Branches:
Dungeon (4/15)
 Temple: D:4-7

Altars:
Ashenzari


Message History

Your crimson imp barely misses the orc priest.
Your crimson imp blinks!
The orc priest calls upon Beogh to heal the orc wizard.
The orc wizard is healed somewhat.
Unknown command.
Casting: Call Imp (safe; 9% risk of failure)
Confirm with . or Enter, or press ? or * to list all spells.
Aiming: Mephitic Cloud (safe; 16% risk of failure)
Press: ? - help, Shift-Dir - straight line, p - orc priest The ball explodes into a vile cloud!
The stinking cloud engulfs the orc priest but does no damage.
The orc priest is heavily wounded.
The stinking cloud engulfs the orc wizard but does no damage.
The orc wizard is lightly wounded.
Your crimson imp disappears in a puff of smoke!
The orc wizard begins to cast a cantrip, but forgets the words!
Your crimson imp barely misses the orc priest.
The orc wizard gestures at you while chanting.
The magic dart hits you!
You die...

.###..##.....##..§.§..#
..#...####..o.........#
#.#...# #..§##..§....#
#....## ##...##○○○....#
#....# #....##○○.5...#
#...## #.#####.°o....#
.o.># #.# ###o#####
5..## #.#######.#
...######.##....@.#
.####........######
.###......####
.......#.## #####..#.#
#####..#.# ##.......#
...#####.##
##........######


You could see an orc priest, an orc wizard and a friendly crimson imp.

Vanquished Creatures
  2 adders
  2 dart slugs
  A leopard gecko (D:1)
  4 orcs
  2 giant cockroaches
  5 goblins
  4 hobgoblins
  A jackal (D:2)
  3 kobolds (D:1)
  A quokka (D:3)
  3 bats
  A rat (D:3)
29 creatures vanquished.

Vanquished Creatures (collateral kills)
  An ogre (D:4)
  4 adders
  A dart slug (D:2)
  3 leopard geckos
  A giant cockroach (D:4)
  A hobgoblin (D:2)
  7 jackals (D:2)
  A bat (D:1)
  A jackal skeleton (D:2)
  A kobold (D:2)
  2 rats
23 creatures vanquished.

Grand Total: 52 creatures vanquished

Notes
Turn   | Place    | Note
-------+----------+-------------------------------------------
     0 | D:1      | Kisielow the Deep Elf Wizard began the quest for the Orb.
     0 | D:1      | Reached XP level 1. HP: 10/10 MP: 7/7
   187 | D:1      | Reached XP level 2. HP: 15/15 MP: 5/9
   412 | D:1      | Learned a level 2 spell: Blink
   415 | D:1      | Learned a level 2 spell: Call Imp
  1457 | D:2      | Reached XP level 3. HP: 16/19 MP: 3/10
  1709 | D:2      | Learned a level 3 spell: Mephitic Cloud
  2195 | D:3      | Learned a level 3 spell: Conjure Flame
  2205 | D:3      | Reached XP level 4. HP: 24/24 MP: 9/12
  2242 | D:3      | Reached skill level 5 in Spellcasting
  2531 | D:3      | Found a shattered altar of Ashenzari.
  2759 | D:3      | Reached skill level 1 in Fire Magic
  3032 | D:4      | Noticed an ogre
  3042 | D:4      | Killed an ogre
  3208 | D:4      | Reached XP level 5. HP: 20/28 MP: 1/14
  3364 | D:4      | Killed from afar by an orc wizard

Skill      XL: |  1  2  3  4 |
---------------+-------------+-----
Conjurations   | 2 3 4 |  4.0
Spellcasting   | 5 |  5.0
Fire Magic     | 2 |  2.7
Dodging        | |  2.4
Stealth        | |  2.4
Summonings     | |  1.1
Translocations | |  1.1

Action                   |  1- 3 |  4- 6 || total
-------------------------+-------+-------++-------
Melee: Unarmed           |     7 |       ||     7
       Dagger            |       |     3 ||     3
 Cast: Magic Dart        |    44 |    26 ||    70
       Call Imp          |    27 |    11 ||    38
       Mephitic Cloud    |     2 |     7 ||     9
  Eat: Chunk             |     4 |     3 ||     7
Armor: Robe              |     6 |     5 ||    11
Dodge: Dodged            |    30 |    15 ||    45
